 Dungeon Crawl Stone Soup version 0.22.0-6-g71bd7aa (webtiles) character file.

44 ventricule the Ducker (level 3, 0/22 HPs)
             Began as a Deep Elf Abyssal Knight on Aug 14, 2018.
             Was a Follower of Lugonu.
             Slain by a worker ant (7 damage)
             ... on level 2 of the Dungeon.
             The game lasted 00:03:44 (2256 turns).

ventricule the Ducker (Deep Elf Abyssal Knight)     Turns: 2256, Time: 00:03:44

Health: 0/22       AC:  5    Str:  9    XL:     3   Next: 41%
Magic:  6/6        EV: 11    Int: 22    God:    Lugonu [*.....]
Gold:   82         SH:  0    Dex: 14    Spells: 2/2 levels left

rFire    . . .     SeeInvis .   f - -1 dagger (curse)
rCold    . . .     Gourm    .   (no shield)
rNeg     . . .     Faith    .   i - +0 ring mail
rPois    .         Spirit   .   (no helmet)
rElec    .         Reflect  .   (no cloak)
rCorr    .         Harm     .   (no gloves)
MR       .....                  (no boots)
Stlth    +.........             (no amulet)
HPRegen  0.07/turn              (no ring)
MPRegen  0.10/turn              (no ring)

@: brilliant, lethally poisoned (0 -> -8)
A: no striking features
a: Depart the Abyss, Renounce Religion


You were on level 2 of the Dungeon.
You worshipped Lugonu.
Lugonu was aware of your devotion.
You were very hungry.

You visited 1 branch of the dungeon, and saw 2 of its levels.
You visited the Abyss 1 time.

You collected 82 gold pieces.

Inventory:

Hand Weapons
 a - a +1 short sword
 f - a cursed -1 dagger (weapon)
Missiles
 g - 10 poisoned needles
 Q - 114 stones (quivered)
Armour
 b - a +0 leather armour
 i - a +0 ring mail (worn)
Scrolls
 c - a scroll of random uselessness {unknown}
 d - a scroll of remove curse {unknown}
 h - a scroll of immolation {!r}
Comestibles
 e - 2 rations


   Skills:
 - Level 2.4 Fighting
 + Level 3.0 Short Blades
 + Level 1.0 Armour
 - Level 3.5 Dodging
 - Level 2.0 Invocations


You had 2 spell levels left.
You didn't know any spells.
Your spell library was empty.

Dungeon Overview and Level Annotations

Branches:
Dungeon (2/15)

Altars:
Qazlal
Trog


Message History

The hobgoblin completely misses you. The worker ant bites you.
You take 3 damage, and have 14/22 hp.
You hit the hobgoblin but do no damage.
You feel sick. The hobgoblin hits you.
* * * LOW HITPOINT WARNING * * *
The worker ant barely misses you.
You take 3 damage, and have 11/22 hp.
You hit the hobgoblin.
You kill the hobgoblin!
The worker ant bites you.
* * * LOW HITPOINT WARNING * * *
You take 2 damage, and have 9/22 hp.
You hit the worker ant.
* * * LOW HITPOINT WARNING * * *
You feel sick. The worker ant barely misses you.
You take 1 damage, and have 8/22 hp.
You hit the worker ant. The worker ant misses you.
You closely miss the worker ant.
* * * LOW HITPOINT WARNING * * *
You feel sick. The worker ant bites you!
You die...

.............
#. ##.# . #.##.
..###.#..
..#.#.# .....#
#
#####...###..##
...............
#...@#
#..#a.......
#... #...#....
#.# ...... ##
#. #..#### #
#..# ####


You could see a worker ant.

Vault maps used:
D:1:      minmay_arrival_cross
D:2:      overflow_temple_1_default, nicolae_overflow_hidden_temple,
          first_ration, minmay_rat_hole
Abyss:1:  hangedman_elemental_corridor

Notes
Turn   | Place    | Note
-------+----------+-------------------------------------------
     0 | Abyss:1  | ventricule the Deep Elf Abyssal Knight began the quest for the Orb.
     0 | Abyss:1  | Reached XP level 1. HP: 13/13 MP: 4/4
    33 | Abyss:1  | Found a corrupted altar of Lugonu.
    49 | Abyss:1  | Noticed an iron imp
    51 | D:1      | Escaped the Abyss
    83 | D:1      | Identified 2 potions of might
    87 | D:1      | HP: 3/13 [kobold (1)]
    88 | D:1      | Reached skill level 3 in Dodging
    88 | D:1      | Reached XP level 2. HP: 4/18 MP: 5/5
    91 | D:1      | Reached * piety under Lugonu
   350 | D:1      | Identified a cursed -2 dagger (You took it off a kobold on level 1 of the Dungeon)
   351 | D:1      | Identified a scroll of teleportation
   375 | D:1      | HP: 4/18 [rat (3)]
   385 | D:1      | HP: 1/18 [jackal (3)]
   393 | D:1      | Identified a potion of agility
   402 | D:1      | HP: 1/18 [jackal (1)]
  1338 | D:1      | Identified a scroll of enchant weapon
  1339 | D:1      | Identified a scroll of immolation
  1373 | D:1      | Reached XP level 3. HP: 18/22 MP: 6/6
  1465 | D:1      | Identified a +0 ring mail (You found it on level 1 of the Dungeon)
  1911 | D:2      | Found a bloodstained altar of Trog.
  1944 | D:2      | Found a stormy altar of Qazlal.
  1981 | D:1      | Reached skill level 3 in Short Blades
  1981 | D:1      | Reached skill level 1 in Armour
  2251 | D:2      | Identified a potion of brilliance
  2256 | D:2      | Slain by a worker ant

Table legend:
 A = Turns spent in this place as a percentage of turns spent in the entire game.
 B = Non-inter-level travel turns spent in this place as a percentage of non-inter-level travel turns spent in the entire game.
 C = Inter-level travel turns spent in this place as a percentage of turns spent in this place.
 D = Turns resting spent in this place as a percentage of non-inter-level travel turns spent in this place.
 E = Turns spent auto-exploring this place as a percentage of non-inter-level travel turns spent in this place.
 F = Non-inter-level travel turns spent in this place divided by the number of levels of this place that you've seen.
                   A       B       C       D       E      F
               +-------+-------+-------+-------+-------+----------------------
         Total | 100.0 | 100.0 |   2.1 |  53.4 |  24.9 | 736.0
       Dungeon |  97.7 |  97.7 |   2.2 |  54.7 |  25.5 | 1078.5
         Abyss |   2.3 |   2.3 |   0.0 |   0.0 |   0.0 |  51.0
               +-------+-------+-------+-------+-------+----------------------

Table legend:
 A = Kills in this place as a percentage of kills in entire the game.
 B = Kills by you in this place as a percentage of kills by you in the entire game.
 C = Kills by friends in this place as a percentage of kills by friends in the entire game.
 D = Other kills in this place as a percentage of other kills in the entire game.
 E = Experience gained in this place as a percentage of experience gained in the entire game.
 F = Experience gained in this place divided by the number of levels of this place that you have seen.
                   A       B       C       D       E      F
               +-------+-------+-------+-------+-------+----------------------
         Total | 100.0 | 100.0 |   N/A |   N/A | 100.0 |  21.3
       Dungeon | 100.0 | 100.0 |   N/A |   N/A | 100.0 |  32.0
               +-------+-------+-------+-------+-------+----------------------

Skill      XL: |  1  2  3 |
---------------+----------+-----
Dodging        | 3 |  3.5
Short Blades   | 3 |  3.0
Armour         | 1 |  1.0
Fighting       | |  2.4
Invocations    | |  2.0

Action                   || total
-------------------------++-------
Melee: Short sword       ||    27
       Dagger            ||   161
Throw: Stone             ||     8
Invok: Depart the Abyss  ||     1
  Use: Potion            ||     4
       Scroll            ||     3
  Eat: Chunk             ||     3
Armor: Leather armour    ||    49
       Ring mail         ||    22
Dodge: Dodged            ||   174

Vanquished Creatures
  An adder (D:1)
  An ooze (D:1)
  2 leopard geckos (D:1)
  A giant cockroach (D:1)
  5 hobgoblins
  4 jackals (D:1)
  8 kobolds
  3 bats (D:1)
  A rat (D:1)
26 creatures vanquished.
